 Dungeon Crawl Stone Soup version 0.24-a0-201-gf205589 (console) character file.

Game seed: 10205088273963501112

10197 Voker57 the Carver (level 11, -3/86 HPs)
             Began as a Demonspawn Gladiator on Mar 22, 2019.
             Was the Champion of Okawaru.
             Hit by a javelin thrown by a minotaur (20 damage)
             ... in a Gauntlet.
             The game lasted 00:17:39 (10381 turns).

Voker57 the Carver (Demonspawn Gladiator)          Turns: 10381, Time: 00:17:40

Health: -3/86      AC: 21    Str: 19    XL:     11   Next: 33%
Magic:  25/25      EV: 17    Int:  9    God:    Okawaru [******]
Gold:   607        SH:  0    Dex: 26    Spells: 13/17 levels left

rFire    . . .     SeeInvis +   b - +9 dagger of Geilas {venom, rN++ Dex+3}
rCold    + . .     Gourm    .   (no shield)
rNeg     + + .     Faith    .   C - +1 plate armour of the Tuna {rElec rCorr SInv Stlth-}
rPois    .         Spirit   .   D - +0 helmet of Twilight {rElec rC+ MR- Slay+3} (curse)
rElec    +         Reflect  .   y - +2 cloak {+Inv}
rCorr    +         Harm     .   (no gloves)
MR       .....     NoTele   +   d - +2 pair of boots of the Exiled Emperors {Str+4}
Stlth    ..........             (no amulet)
HPRegen  0.24/turn              s - +2 ring of evasion
MPRegen  0.19/turn              e - ring of magical power

@: agile
A: hooves 1, slimy green scales 2, demonic guardian 2, powered by death 1
a: Heroism, Finesse, Renounce Religion, Evoke Invisibility


You were in a Gauntlet.
You worshipped Okawaru.
Okawaru was exalted by your worship.
You were hungry.

You visited 3 branches of the dungeon, and saw 10 of its levels.
You also visited: Gauntlet.

You collected 607 gold pieces.

Inventory:

Hand Weapons
 a - a +6 falchion
 b - the +9 dagger of Geilas (weapon) {venom, rN++ Dex+3}
   (You took it off a centaur on level 6 of the Dungeon)

   It poisons the flesh of those it strikes.
   It affects your dexterity (+3).
   It greatly protects you from negative energy.
 o - the +6 hunting sling of Scorn {flame, SInv Stlth+}
   (You found it in a Gauntlet)

   It causes projectiles fired from it to burn those they strike, causing extra
   injury to most foes and up to half again as much damage against particularly
   susceptible opponents.
   It lets you see invisible.
   It makes you more stealthy.
Missiles
 K - 6 needles of paralysis
Armour
 d - the +2 pair of boots of the Exiled Emperors (worn) {Str+4}
   (You found it on level 4 of the Dungeon)

   It affects your strength (+4).
 y - a +2 cloak of invisibility (worn)
 C - the +1 plate armour of the Tuna (worn) {rElec rCorr SInv Stlth-}
   (Okawaru gifted it to you in a Gauntlet)

   It insulates you from electricity.
   It lets you see invisible.
   It provides partial protection from all sources of acid and corrosion.
   It makes you less stealthy.
 D - the cursed +0 helmet of Twilight (worn) {rElec rC+ MR- Slay+3}
   (You found it in a Gauntlet)

   It affects your accuracy and damage with ranged weapons and melee attacks
   (+3).
   It protects you from cold.
   It insulates you from electricity.
   It affects your resistance to hostile enchantments.
   It has a curse placed upon it.
 E - a +1 plate armour of positive energy
 H - +0 steam dragon scales
Jewellery
 c - an uncursed ring of wizardry {unknown}
 e - a ring of magical power (right hand)
 s - a +2 ring of evasion (left hand)
 L - the ring of Wariness {*Tele *Corrode *Drain rF+++ rC+, At least it's not hot}
   (You found it on level 1 of the Lair of Beasts)

   [ring of teleportation]

   It may teleport you next to monsters.
   It renders you almost immune to fire.
   It protects you from cold.
   It may corrode you when you take damage.
   It causes draining when unequipped.
Wands
 j - a wand of polymorph (4)
 k - a wand of acid (15)
 q - a wand of clouds (1)
 w - a wand of flame (47)
 G - a wand of random effects (13)
 J - a wand of enslavement (8)
Scrolls
 g - 7 scrolls of remove curse
 h - 5 scrolls of identify
 r - 4 scrolls of teleportation
 A - a scroll of enchant armour
Potions
 i - a potion of curing {unknown}
 l - 2 potions of ambrosia {unknown}
 m - a potion of lignification {unknown}
 n - 2 potions of agility
 p - a potion of haste
 t - 2 potions of might
 u - a potion of invisibility {unknown}
 v - 2 potions of magic
 x - 3 potions of mutation {unknown}
 z - 2 potions of brilliance {unknown}
 B - 3 potions of flight {unknown}
 I - a potion of heal wounds
Comestibles
 f - 18 rations


   Skills:
 + Level 7.8 Fighting
 * Level 10.1 Long Blades
 - Level 1.7 Throwing
 + Level 0.0 Armour
 + Level 7.3 Dodging
 - Level 3.8 Spellcasting
 - Level 4.5 Necromancy
 + Level 6.4 Invocations
 + Level 5.7 Evocations


You had 13 spell levels left.
You knew the following spells:

 Your Spells              Type           Power        Failure   Level  Hunger
a - Pain                  Necr           #...         88%         1    #......
b - Vampiric Draining     Necr           #.........   99%         3    ###....

Your spell library contained the following spells:

 Spells                   Type           Power        Failure   Level  Hunger
 Animate Skeleton         Necr           N/A          88%         1    #......
 Apportation              Tloc           #.....       100%        1    #......
 Confusing Touch          Hex            #.....       100%        1    #......
 Freeze                   Ice            #...         100%        1    #......
 Summon Small Mammal      Summ           #...         100%        1    #......
 Throw Frost              Conj/Ice       #.....       100%        2    ###....
 Confuse                  Hex            #.......     100%        3    ###....
 Gell's Gravitas          Tloc           #.........   100%        3    ###....
 Ozocubu's Armour         Chrm/Ice       #.......     100%        3    ###....
 Regeneration             Chrm/Necr      #.........   100%        3    ###....
 Animate Dead             Necr           N/A          100%        4    #####..
 Petrify                  Tmut/Erth      #.......     100%        4    #####..
 Summon Ice Beast         Ice/Summ       #.......     100%        4    #####..
 Throw Icicle             Conj/Ice       #.......     100%        4    #####..
 Metabolic Englaciation   Hex/Ice        #.........   100%        5    ######.
 Yara's Violent Unravell  Hex/Tmut       #.........   100%        5    ######.


Dungeon Overview and Level Annotations

Branches:
Dungeon (8/15)             Temple (1/1) D:6            Lair (1/6) D:8

Altars:
Ashenzari
Cheibriados
Dithmenos
Elyvilon
Fedhas
Gozag
Hepliaklqana
Kikubaaqudgha
Nemelex Xobeh
Okawaru
Qazlal
Ru
Sif Muna
Trog
Uskayaw
Vehumet
Wu Jian
Xom
Yredelemnul
Zin
The Shining One

Annotations:
D:4 3 runed translucent doors, kirsanium's ghost, novice HuCj
Lair:1 exclusion: oklob plant Gauntlet 10 transporters, exclusion: oklob plant


Innate Abilities, Weirdness & Mutations

You have large cloven feet.
You are mostly covered in slimy green scales. (AC +3)
A demonic guardian rushes to your aid.
You regenerate a little health from kills.


Message History

The minotaur throws a javelin.
The javelin hits you.
* * * LOW HITPOINT WARNING * * *
You see here a javelin.
You feel agile all of a sudden.
Evoke which item? (* to show all) (? for menu, Esc to quit)
Aiming: Corrosive Bolt
Press: ? - help, Shift-Dir - straight line, f/p - minotaur
Aim: a minotaur, wielding the +7 flail "Beetle's Demise" {flame, rPois Int+3 Dex-4} and wearing a +0 chain mail (poison gas)
The bolt of acid misses the minotaur.
Evoke which item? (* to show all) (? for menu, Esc to quit)
Aiming: Corrosive Bolt
Press: ? - help, Shift-Dir - straight line, f/p - minotaur
Aim: a minotaur, wielding the +7 flail "Beetle's Demise" {flame, rPois Int+3 Dex-4} and wearing a +0 chain mail (poison gas)
The bolt of acid hits the minotaur!!
The minotaur is splashed with acid!
The acid corrodes the minotaur!
The minotaur is moderately wounded.
The minotaur throws a javelin.
The javelin hits you!
* * * LOW HITPOINT WARNING * * *
The minotaur throws a javelin.
The javelin hits you!!
You die...

# #.##.##...#..#..[G© #≈
#.#....##.8.#§§######
#≈≈.#.#.##.##...#≈§......
#≈∩...§§##....8.#§§......
#≈≈.#.#§##.##...#≈.......
# # #§§..##.8.#..######
#H##.##...#..##©##.
#(##....8.####.##.#
#(##.##.....©#.#.##
#.@..##.8.####.#.#.
#######§§.#..#.#.#©
#§8≈#..#.#.#.
#####..#.##.# #..#.^###
#..#^.... ###..######
#8#......#© ###≈.....##
#####....


You could see a minotaur.

Vanquished Creatures
  A hydra (Lair:1)
  A black mamba (Lair:1)
  A rime drake (Lair:1)
  2 tengu conjurers (Gauntlet)
  A hippogriff (D:7)
  3 blink frogs (Lair:1)
  A flying skull (Gauntlet)
  A steam dragon (D:8)
  A water moccasin (Lair:1)
  A porcupine (Lair:1)
  3 ice beasts
  2 sky beasts (D:7)
  4 slaves (D:4)
  An ogre (D:8)
  6 centaurs
  A crocodile (D:7)
  A bullfrog (D:5)
  4 scorpions
  5 killer bees (D:7)
  A wight (D:7)
  A crimson imp (D:6)
  3 bullfrog zombies
  A quasit (D:7)
  2 hounds
  3 orc priests
  Crazy Yiuf (D:4)
  A centaur skeleton (D:7)
  4 orc wizards
  Ijyb (D:4)
  Natasha (thrice) (D:4)
  3 worker ants
  A hound zombie (D:5)
  A hound skeleton (D:4)
  7 adders
  7 gnolls
  3 shadow imps
  2 adder zombies
  An adder skeleton (D:7)
  5 worms
  4 leopard geckos
  22 orcs
  10 giant cockroaches
  6 hobgoblins
  14 jackals
  8 kobolds
  7 quokkas
  2 ball pythons
  3 bats (D:2)
  5 frilled lizards
  5 goblins
  A jackal skeleton (D:7)
  A leopard gecko skeleton (D:6)
  A quokka skeleton (D:6)
  A quokka zombie (D:5)
  3 rats
184 creatures vanquished.

Vanquished Creatures (collateral kills)
  Gastronok (D:8)
  A dire elephant (Gauntlet)
  A tengu warrior (Gauntlet)
  Pikel (D:4)
  2 elephants (Gauntlet)
  The ghost of bli the Slasher, a novice FoAK of Lugonu (D:5)
  A hornet (D:8)
  2 blink frogs (Lair:1)
  2 hippogriffs
  3 flying skulls (Gauntlet)
  Eustachio (D:4)
  2 steam dragons (D:8)
  Edmund (D:6)
  3 wargs (D:7)
  A black bear (D:8)
  An ogre (D:4)
  2 centaurs
  A water moccasin skeleton (D:8)
  A killer bee (D:7)
  3 wights (D:7)
  2 crimson imps
  A jelly (D:5)
  4 orc priests
  A bullfrog skeleton (D:8)
  2 hounds (D:6)
  2 orc wizards
  A worker ant (D:8)
  An adder (D:8)
  6 orcs
  A jackal (D:5)
  A quokka skeleton (D:5)
53 creatures vanquished.

Vanquished Creatures (others)
  An orc warrior (D:8)
  An orc (D:8)
  A giant cockroach (D:8)
  18 withered plants (Gauntlet)
21 creatures vanquished.

Grand Total: 258 creatures vanquished

Notes
Turn   | Place    | Note
-------+----------+-------------------------------------------
     0 | D:1      | Voker57 the Demonspawn Gladiator began the quest for the
                  | Orb.
     0 | D:1      | Reached XP level 1. HP: 16/16 MP: 1/1
   240 | D:1      | Reached skill level 3 in Long Blades
   242 | D:1      | Gained mutation: You regenerate a little health from kills.
                  | [demonic ancestry]
   242 | D:1      | Reached XP level 2. HP: 16/22 MP: 2/2
   747 | D:2      | Found a glowing silver altar of Zin.
   754 | D:2      | Found a radiant altar of Vehumet.
   858 | D:2      | Gained mutation: You are partially covered in slimy green
                  | scales. (AC +2) [demonic ancestry]
   858 | D:2      | Reached XP level 3. HP: 13/28 MP: 3/3
  1723 | D:2      | Found an opulent altar of Gozag.
  2593 | D:3      | Reached XP level 4. HP: 26/34 MP: 4/4
  2883 | D:3      | Found a glowing golden altar of the Shining One.
  2945 | D:3      | Reached skill level 4 in Long Blades
  3549 | D:4      | Reached XP level 5. HP: 40/41 MP: 5/5
  3829 | D:4      | Noticed Natasha
  3851 | D:4      | Killed Natasha
  3871 | D:4      | Gained mutation: A weak demonic guardian rushes to your
                  | aid. [demonic ancestry]
  3871 | D:4      | Reached XP level 6. HP: 26/47 MP: 6/6
  3877 | D:4      | Reached skill level 5 in Long Blades
  3880 | D:4      | Got a pair of steaming boots
  3886 | D:4      | Identified the +2 pair of boots of the Exiled Emperors
                  | {Str+4} (You found it on level 4 of the Dungeon)
  4166 | D:4      | Found a runed translucent door.
  4167 | D:4      | Noticed Crazy Yiuf
  4225 | D:4      | Noticed Eustachio
  4236 | D:4      | Killed Eustachio
  4405 | D:4      | Noticed a slave
  4405 | D:4      | Noticed a slave
  4406 | D:4      | Noticed a slave
  4408 | D:4      | Noticed Pikel
  4416 | D:4      | Noticed a slave
  4431 | D:4      | Killed a slave
  4441 | D:4      | Killed a slave
  4454 | D:4      | Killed a slave
  4615 | D:4      | Noticed Ijyb
  4627 | D:4      | Killed Ijyb
  4634 | D:4      | Killed Pikel
  4634 | D:4      | Reached skill level 6 in Long Blades
  4634 | D:4      | Gained mutation: A demonic guardian rushes to your aid.
                  | [demonic ancestry]
  4634 | D:4      | Reached XP level 7. HP: 36/55 MP: 7/7
  4714 | D:4      | Noticed Natasha
  4718 | D:4      | Killed Natasha
  4905 | D:4      | Found a runed translucent gate.
  4905 | D:4      | Found a runed translucent gate.
  4905 | D:4      | Found a runed translucent gate.
  4910 | D:4      | Noticed kirsanium's ghost (novice HuCj)
  4948 | D:4      | Noticed Natasha
  4956 | D:4      | Killed Natasha
  4956 | D:4      | Reached skill level 5 in Dodging
  4956 | D:4      | Reached XP level 8. HP: 59/61 MP: 8/8
  5094 | D:4      | Paralysed by Crazy Yiuf for 4 turns
  5100 | D:4      | Killed Crazy Yiuf
  5243 | D:5      | Entered Level 5 of the Dungeon
  5243 | D:5      | Found a runed translucent door.
  5250 | D:5      | Noticed bli's ghost (novice FoAK)
  5273 | D:5      | Killed bli's ghost
  5273 | D:5      | Reached skill level 5 in Fighting
  5273 | D:5      | Reached skill level 1 in Evocations
  5295 | D:5      | Reached skill level 7 in Long Blades
  6135 | D:6      | Found a staircase to the Ecumenical Temple.
  6180 | Temple   | Entered the Ecumenical Temple
  6362 | Temple   | Became a worshipper of Warmaster Okawaru
  6438 | D:6      | Found a snail-covered altar of Cheibriados.
  6545 | D:6      | Noticed Edmund
  6553 | D:6      | Killed Edmund
  6553 | D:6      | Reached XP level 9. HP: 69/69 MP: 11/11
  6628 | D:6      | Reached skill level 1 in Invocations
  6690 | D:6      | Found a glowing drain.
  6761 | D:6      | Identified the +9 dagger of Geilas {venom, rN++ Dex+3}
  6957 | D:6      | Reached skill level 8 in Long Blades
  7185 | D:7      | Reached * piety under Okawaru
  7337 | D:7      | Found a white marble altar of Elyvilon.
  7404 | D:7      | Learned a level 1 spell: Pain
  7408 | D:7      | Learned a level 3 spell: Vampiric Draining
  7488 | D:7      | Reached skill level 1 in Spellcasting
  7488 | D:7      | Reached skill level 1 in Necromancy
  7542 | D:7      | Reached ** piety under Okawaru
  7941 | D:8      | Noticed Gastronok
  8052 | D:8      | Reached *** piety under Okawaru
  8052 | D:8      | Gained mutation: You have large cloven feet. [demonic
                  | ancestry]
  8052 | D:8      | Reached XP level 10. HP: 76/77 MP: 13/13
  8057 | D:8      | Killed Gastronok
  8057 | D:8      | Reached **** piety under Okawaru
  8057 | D:8      | Reached skill level 9 in Long Blades
  8058 | D:8      | Found a staircase to the Lair.
  8153 | D:8      | Reached skill level 5 in Invocations
  8157 | D:8      | Reached ***** piety under Okawaru
  8819 | Lair:1   | Entered Level 1 of the Lair of Beasts
  8857 | Lair:1   | Noticed an oklob plant
  8940 | Lair:1   | Noticed an eight-headed hydra
  8943 | Lair:1   | Noticed a black mamba
  8948 | Lair:1   | Killed an eight-headed hydra
  8948 | Lair:1   | Received a gift from Okawaru
  8948 | Lair:1   | Reached skill level 5 in Evocations
  8951 | Lair:1   | Killed a black mamba
  9001 | Lair:1   | Gained mutation: You are mostly covered in slimy green
                  | scales. (AC +3) [demonic ancestry]
  9001 | Lair:1   | Reached XP level 11. HP: 47/84 MP: 16/16
  9036 | Lair:1   | Got a scintillating platinum ring
  9039 | Lair:1   | Identified the ring of Wariness {*Tele *Corrode *Drain
                  | rF+++ rC+} (You found it on level 1 of the Lair of Beasts)
  9040 | Lair:1   | great ring
  9043 | Lair:1   | Found a gate leading to a gauntlet.
  9059 | Gauntlet | Entered a Gauntlet
  9059 | Gauntlet | Found a transporter.
  9059 | Gauntlet | Found a transporter.
  9063 | Gauntlet | Found a transporter.
  9063 | Gauntlet | Found a transporter.
  9072 | Gauntlet | Found a transporter.
  9092 | Gauntlet | Noticed a soul eater
  9093 | Gauntlet | Found a transporter.
  9097 | Gauntlet | Noticed a dire elephant
  9098 | Gauntlet | Noticed a glowing orange brain
  9100 | Gauntlet | Found a transporter.
  9102 | Gauntlet | Found a transporter.
  9118 | Gauntlet | Found a transporter.
  9119 | Gauntlet | Noticed a glowing orange brain
  9148 | Gauntlet | Found a transporter.
  9167 | Gauntlet | Noticed an oklob plant
  9168 | Gauntlet | Found a transporter.
  9214 | Gauntlet | Found a transporter.
  9230 | Gauntlet | Found a transporter.
  9243 | Gauntlet | Found a transporter.
  9245 | Gauntlet | Noticed a green ugly thing
  9248 | Gauntlet | Noticed a green ugly thing
  9330 | Gauntlet | Found a transporter.
  9342 | Gauntlet | Noticed a tengu warrior
  9344 | Gauntlet | Found a transporter.
  9659 | Gauntlet | here goes nothing
  9691 | Gauntlet | Got a crude hunting sling
  9695 | Gauntlet | Identified the +6 hunting sling of Scorn {flame, SInv
                  | Stlth+} (You found it in a Gauntlet)
  9838 | Gauntlet | Killed a tengu warrior
  9838 | Gauntlet | Received a gift from Okawaru
  9843 | Gauntlet | Reached skill level 10 in Long Blades
  9855 | Gauntlet | Got a faintly glowing plate armour {god gift}
  9856 | Gauntlet | Identified the +1 plate armour of the Tuna {rElec rCorr
                  | SInv Stlth-} (Okawaru gifted it to you in a Gauntlet)
  9875 | Gauntlet | Got a translucent helmet
  9886 | Gauntlet | Identified the cursed +0 helmet of Twilight {rElec rC+ MR-
                  | Slay+3} (You found it in a Gauntlet)
  9889 | Gauntlet | works i guess
 10078 | Gauntlet | Killed a dire elephant
 10078 | Gauntlet | Reached ****** piety under Okawaru
 10366 | Gauntlet | Identified the +7 flail "Beetle's Demise" {flame, rPois
                  | Int+3 Dex-4}
 10366 | Gauntlet | Noticed a minotaur
 10381 | Gauntlet | Hit by a javelin thrown by a minotaur

Levels and vault maps discovered:
D:1:      dpeg_arrival_pond, layout_basic
D:2:      layout_basic, lemuel_round_altar, grunt_gozag_breadcrumbs,
          fiery_altar_vehumet, first_ration, roderic_lattice_a,
          hangedman_feature_mirror
D:3:      layout_loops_ring, tso_oasis_becter, minivault_26
D:4:      layout_basic, ebering_ghost_rock_garden, kennysheep_generic_room_16,
          uniq_pikel, uniq_natasha, uniq_ijyb, uniq_eustachio,
          uniq_crazy_yiuf_cottage
D:5:      minmay_razor_zed, layout_rooms, ebering_ghost_reflecting_pool
D:6:      layout_cave_pools, slow_altar_2, temple_pool_b, gup_sewer_entry_pipe,
          uniq_edmund
D:7:      layout_basic, marbit_many_paths
D:8:      cheibrodos_steamvent, layout_cave_pools, erik_lair_orcish_takeover,
          uniq_gastronok
Temple:   regret_index_temple_waves
Lair:1:   layout_gridlike, gauntlet_entry_generic,
          nicolae_lair_grove_arrangements, chequers_serial_rivers_large_a,
          lemuel_oklob_altar
Gauntlet: gammafunk_gauntlet_branching [gammafunk_gauntlet_arena_hedges,
          gammafunk_gauntlet_arena_split_diamond,
          nicolae_gauntlet_arena_quarters, nicolae_gauntlet_arena_blocks,
          gammafunk_gauntlet_arena_chambers, nicolae_gauntlet_arena_x,
          gammafunk_gauntlet_arena_spirals, gammafunk_gauntlet_arena_crates,
          gauntlet_exit_watery]

Skill      XL: |  1  2  3  4  5  6  7  8  9 10 11 |
---------------+----------------------------------+-----
Long Blades    | 3 4 6 7 8 9 10 | 10.1
Dodging        | 3 4 5 6 7 |  7.3
Fighting       | 3 4 5 6 7 |  7.8
Evocations     | 2 4 5 |  5.7
Invocations    | 4 5 6 |  6.4
Spellcasting   | 1 3 |  3.8
Necromancy     | 2 3 4 |  4.5
Throwing       | |  1.7

Action                   |  1- 3 |  4- 6 |  7- 9 | 10-12 || total
-------------------------+-------+-------+-------+-------++-------
Melee: Long sword        |   154 |   185 |   254 |       ||   593
       Dagger            |       |       |    51 |    54 ||   105
       Falchion          |       |       |    29 |    74 ||   103
Throw: Throwing net      |     2 |     8 |       |       ||    10
Invok: Heroism           |       |       |       |     2 ||     2
 Abil: Evoke Invisibilit |       |       |       |     1 ||     1
Evoke: Wand              |       |     3 |       |     5 ||     8
  Use: Scroll            |     3 |     6 |     3 |     7 ||    19
       Potion            |       |     2 |       |     3 ||     5
 Stab: Sleeping          |     2 |       |       |       ||     2
       Held in net/web   |     1 |     4 |       |       ||     5
       Distracted        |       |     1 |       |     2 ||     3
       Confused          |       |     1 |       |       ||     1
       Invisible         |       |       |       |     6 ||     6
  Eat: Chunk             |     4 |     5 |    11 |     4 ||    24
       Ration            |       |     1 |       |     1 ||     2
Armor: Leather armour    |    59 |    69 |   130 |     7 ||   265
       Steam dragon scal |       |       |       |    32 ||    32
       Plate armour      |       |       |       |     1 ||     1
Dodge: Dodged            |    83 |   152 |   354 |   161 ||   750
       Rpst.: Long sword |    20 |    42 |    77 |       ||   139
       Falchion          |       |       |    17 |    29 ||    46

Table legend:
 A = Non-vault XP
 B = Vault XP
 C = Vault XP percentage of total XP
 D = Non-vault monster count
 E = Vault monster count
 F = Vault count percentage of total count
                 A         B        C        D         E       F
            +---------+---------+-------+---------+---------+-------
      Total |    7516 |    7052 |  48.4 |     184 |      50 |  21.4
            +---------+---------+-------+---------+---------+-------
        D:1 |      20 |       0 |   0.0 |      11 |       0 |   0.0
        D:2 |      48 |      12 |  20.0 |      20 |       4 |  16.7
        D:3 |     110 |       0 |   0.0 |      22 |       0 |   0.0
        D:4 |     435 |     839 |  65.9 |      13 |       6 |  31.6
        D:5 |     441 |     403 |  47.7 |      21 |      11 |  34.4
        D:6 |     674 |     120 |  15.1 |      19 |       6 |  24.0
        D:7 |    1832 |     498 |  21.4 |      43 |       7 |  14.0
        D:8 |    1030 |    1604 |  60.9 |      24 |       6 |  20.0
     Lair:1 |    2926 |       0 |   0.0 |      11 |       0 |   0.0
   Gauntlet |       0 |    3576 | 100.0 |       0 |      10 | 100.0
            +---------+---------+-------+---------+---------+-------
